 Dungeon Crawl Stone Soup version 0.25-a0-253-g6f1b5d974a (webtiles) character file.

Game seed: 17215197162480693316, levelgen mode: classic

448 Borgoz the Covered (level 7, -8/43 HPs)
             Began as a Gargoyle Fighter on Dec 5, 2019.
             Mangled by an ogre
             ... wielding a +0 giant club
              (21 damage)
             ... on level 5 of the Dungeon.
             The game lasted 00:05:58 (4080 turns).

Borgoz the Covered (Gargoyle Fighter)               Turns: 4080, Time: 00:05:58

Health: -8/43      AC: 13    Str: 21    XL:     7   Next: 4%
Magic:  16/16      EV:  7    Int:  9    God:
Gold:   272        SH:  9    Dex:  9    Spells: 6/6 levels left

rFire    . . .     SeeInvis .   a - +0 rapier
rCold    . . .     Gourm    .   c - +0 shield
rNeg     + . .     Faith    .   o - +0 scale mail (curse)
rPois    ∞         Spirit   .   (no helmet)
rElec    +         Reflect  .   (no cloak)
rCorr    +         Harm     .   s - +0 pair of gloves
MR       .....                  (no boots)
Stlth    +.........             (no amulet)
HPRegen  0.14/turn              j - ring of resist corrosion
MPRegen  0.15/turn              m - ring of magical power

@: no status effects
A: negative energy resistance 1, electricity resistance, unbreathing,
petrification resistance, rot immunity, AC +4
a: no special abilities


You were on level 5 of the Dungeon.
You were not hungry.

You visited 1 branch of the dungeon, and saw 5 of its levels.

You collected 272 gold pieces.

Inventory:

Hand Weapons
 a - a +0 rapier (weapon)
Armour
 c - a +0 shield (worn)
 o - a cursed +0 scale mail (worn)
 s - a +0 pair of gloves (worn)
Jewellery
 j - a ring of resist corrosion (left hand)
 m - a ring of magical power (right hand)
 y - an uncursed ring of fire {unknown}
Scrolls
 b - a scroll of identify
 e - a scroll of enchant armour {unknown}
 g - a scroll of amnesia {unknown}
 h - a scroll of magic mapping
 l - a scroll of random uselessness {unknown}
 p - 3 scrolls of immolation {unknown}
 q - a scroll of fog {unknown}
 r - a scroll of noise {unknown}
 x - a scroll of teleportation {unknown}
 A - a scroll of blinking {unknown}
Potions
 i - a potion of magic
 k - a potion of brilliance
 n - a potion of haste
 t - 2 potions of flight {unknown}
 u - a potion of ambrosia {unknown}
 v - a potion of curing {unknown}
 w - 2 potions of mutation {unknown}
 z - a potion of degeneration {unknown}
Comestibles
 d - 11 chunks of flesh
 f - 9 rations


   Skills:
 + Level 4.3 Fighting
 * Level 3.9 Short Blades
 * Level 5.3 Armour
 + Level 2.9 Stealth
 + Level 4.2 Shields


You had 6 spell levels left.
You didn't know any spells.
Your spell library was empty.

Dungeon Overview and Level Annotations

Branches:
Dungeon (5/15)
 Temple: D:4-7

Altars:
Cheibriados

Shops:
D:4 }


Innate Abilities, Weirdness & Mutations

You are resistant to torment.
Your stone body is resilient. (AC +4)
You are immune to poison.
You resist negative energy. (rN+)
You are resistant to electric shocks. (rElec)
You can survive without breathing.
You are immune to petrification.
You are immune to rotting.


Message History

The ogre is caught in the net!
The ogre is moderately wounded.
The ogre struggles against the net.
You hit the ogre but do no damage.
The ogre is moderately wounded.
The ogre struggles against the net.
You puncture the ogre!
The ogre is heavily wounded.
The ogre struggles against the net. x2
You hit the ogre.
The ogre is heavily wounded.
The ogre struggles against the net.
The net rips apart, and the ogre comes free!
You hit the ogre.
The ogre is severely wounded.
You block the ogre's attack.
You hit the ogre.
The ogre is almost dead.
The ogre hits you with a +0 giant club!!
You die...

##..._. # #.....
..##. #....
...... ##...##
....... #.....##
....... ......#
.......###.....#
.......O@......#
#.".#.....#####
# #......#..#
##.<......#
#.....##...
##.....# ..#
###..## .. .....
. ......


You could see an ogre.

Vanquished Creatures
  A phantom (D:3)
  A scorpion (D:4)
  Terence (D:2)
  11 adders
  4 gnolls (D:4)
  An ooze (D:1)
  3 dart slugs
  5 worms
  2 leopard geckos
  11 orcs
  2 ball pythons
  5 bats
  4 giant cockroaches
  9 goblins
  8 hobgoblins
  22 jackals
  13 kobolds
  A quokka (D:4)
  8 frilled lizards
  5 rats
117 creatures vanquished.

Notes
Turn   | Place    | Note
-------+----------+-------------------------------------------
     0 | D:1      | Borgoz the Gargoyle Fighter began the quest for the Orb.
     0 | D:1      | Reached XP level 1. HP: 14/14 MP: 1/1
   109 | D:1      | Reached XP level 2. HP: 19/19 MP: 2/2
   330 | D:1      | Reached XP level 3. HP: 21/23 MP: 3/3
   556 | D:1      | Reached skill level 1 in Stealth
   868 | D:1      | Reached skill level 4 in Armour
  1106 | D:2      | Reached XP level 4. HP: 28/28 MP: 4/4
  1416 | D:2      | Noticed Terence
  1432 | D:2      | Killed Terence
  1432 | D:2      | Reached XP level 5. HP: 30/33 MP: 5/5
  2600 | D:3      | Reached XP level 6. HP: 30/38 MP: 6/6
  2659 | D:3      | Noticed a phantom
  2720 | D:3      | Killed a phantom
  2720 | D:3      | Reached skill level 5 in Armour
  3603 | D:4      | Found Hiem's Gadget Shoppe.
  3940 | D:4      | Reached XP level 7. HP: 30/43 MP: 7/7
  4064 | D:5      | Entered Level 5 of the Dungeon
  4067 | D:5      | Found a snail-covered altar of Cheibriados.
  4080 | D:5      | Mangled by an ogre

Levels and vault maps discovered:
D:1:      dpeg_arrival_erosion, layout_basic
D:2:      layout_loops_ring, uniq_terence
D:3:      layout_basic, minmay_divided_ellipse
D:4:      layout_basic, serial_shops, kennysheep_mini_moat, first_ration
D:5:      lemuel_upstairs_altar, layout_cave_pools, cheibriados_altar_1,
          minmay_temple_entry_mist

Skill      XL: |  1  2  3  4  5  6 |
---------------+-------------------+-----
Short Blades   | 2 3 |  3.9
Stealth        | 1 2 |  2.9
Armour         | 4 5 |  5.3
Fighting       | 4 |  4.3
Shields        | 4 |  4.2

Action                   |  1- 3 |  4- 6 |  7- 9 || total
-------------------------+-------+-------+-------++-------
Melee: Rapier            |   133 |   454 |    17 ||   604
Throw: Throwing net      |       |       |     1 ||     1
  Use: Scroll            |       |     4 |       ||     4
       Potion            |       |     1 |       ||     1
  Eat: Chunk             |     1 |    10 |       ||    11
Armor: Scale mail        |    59 |   246 |     1 ||   306
Dodge: Dodged            |    22 |   152 |     2 ||   176
Block: Shield            |    63 |   255 |     5 ||   323

Table legend:
 A = Non-vault XP
 B = Vault XP
 C = Vault XP percentage of total XP
 D = Non-vault monster count
 E = Vault monster count
 F = Vault count percentage of total count
                 A         B        C        D         E       F
            +---------+---------+-------+---------+---------+-------
      Total |     452 |     189 |  29.5 |     103 |      14 |  12.0
            +---------+---------+-------+---------+---------+-------
        D:1 |      71 |       0 |   0.0 |      37 |       0 |   0.0
        D:2 |     119 |      40 |  25.2 |      28 |       1 |   3.4
        D:3 |      88 |     149 |  62.9 |      22 |      13 |  37.1
        D:4 |     173 |       0 |   0.0 |      15 |       0 |   0.0
        D:5 |       1 |       0 |   0.0 |       1 |       0 |   0.0
            +---------+---------+-------+---------+---------+-------
